 Dungeon Crawl Stone Soup version 0.30-a0-634-g8abc85282e (webtiles) character file.

Game seed: 11735220298741887915

3453 Sweetruy1997 the Protected (level 9, -1/73 HPs)
             Began as an Armataur Fighter on Jan 14, 2023.
             Was a Believer of Qazlal.
             Succumbed to a hornet's poison
             ... on level 6 of the Dungeon on Jan 15, 2023.
             The game lasted 00:17:08 (5020 turns).

Sweetruy1997 the Protected (Armataur Fighter)       Turns: 5020, Time: 00:17:09

Health: -1/73      AC: 11    Str: 28    XL:     9   Next: 78%
Magic:  10/11      EV: 13    Int:  8    God:    Qazlal [**....]
Gold:   341        SH:  8    Dex: 14    Spells: 8/10 levels left

rFire   . . .      SeeInvis .    f - +2 hand axe (flame)
rCold   . . .      Faith    .    c - +0 buckler
rNeg    . . .      Spirit   .    b - +0 scale mail
rPois   .          Reflect  .    (no helmet)
rElec   .          Harm     .    k - +0 cloak
rCorr   .          Roll     +    q - +0 pair of gloves
Will    .....                    (no barding)
Stlth   +                        (no amulet)
HPRegen 0.32/turn                h - +5 ring of evasion
MPRegen 0.12/turn                t - +6 ring of strength

@: lethally poisoned (-1 -> -20), slowed, very slow
A: large, rugged brown scales 3, deformed body, armoured tail, roll, long
tongue, awkward tongue
a: Renounce Religion, Upheaval


You were on level 6 of the Dungeon.
You worshipped Qazlal.
Qazlal was pleased with you.
You visited 2 branches of the dungeon, and saw 7 of its levels.

You collected 341 gold pieces.

Inventory:

Hand Weapons
 f - a +2 hand axe of flaming (weapon)
Armour
 b - a +0 scale mail (worn)
 c - a +0 buckler (worn)
 k - a +0 cloak (worn)
 q - a +0 pair of gloves (worn)
Jewellery
 e - a ring of fire
 h - a +5 ring of evasion (left hand)
 t - a +6 ring of strength (right hand)
 w - a ring of resist corrosion
Scrolls
 a - 3 scrolls of teleportation
 i - a scroll of fog
 j - a scroll of magic mapping
 n - a scroll of brand weapon
 o - a scroll of silence
 r - a scroll of poison
 y - 3 scrolls of fear
 B - a scroll of noise {unknown}
 C - 2 scrolls of amnesia
Potions
 d - a potion of degeneration {unknown}
 g - a potion of mutation {unknown}
 l - 2 potions of curing
 m - 2 potions of flight {unknown}
 s - a potion of resistance {unknown}
 u - 3 potions of brilliance {unknown}
 v - a potion of haste {unknown}
 x - 2 potions of lignification {unknown}
 z - 2 potions of heal wounds {unknown}


   Skills:
 - Level 3.0 Fighting
 + Level 8.6 Axes
 - Level 2.0 Throwing
 + Level 9.2 Armour
 - Level 2.0 Dodging
 + Level 2.3 Stealth
 - Level 5.0 Shields
 + Level 1.4 Spellcasting
 + Level 1.3 Conjurations
 + Level 1.2 Fire Magic


You had 8 spell levels left.
You knew the following spells:

 Your Spells              Type           Power      Damage    Failure   Level
a - Foxfire               Conj/Fire      8%         2x1d4     47%         1
b - Summon Small Mammal   Summ           0%         N/A       65%         1

Your spell library contained the following spells:

 Spells                   Type           Power      Damage    Failure   Level
 Momentum Strike          Conj/Tloc      2%         3d8       71%         2
 Blink                    Tloc           0%         N/A       80%         2
 Call Canine Familiar     Summ           0%         N/A       95%         3
 Gell's Gravitas          Tloc           0%         N/A       95%         3
 Lesser Beckoning         Tloc           0%         N/A       95%         3
 Summon Guardian Golem    Hex/Summ       0%         N/A       95%         3
 Teleport Other           Tloc           0%         N/A       95%         3
 Fireball                 Conj/Fire      1%         3d3       100%        5
 Starburst                Conj/Fire      1%         6d3       100%        6


Dungeon Overview and Level Annotations

Branches:
Dungeon (6/15)             Temple (1/1) D:4

Altars:
Ashenzari
Cheibriados
Dithmenos
Elyvilon
Fedhas
Gozag
Hepliaklqana
Kikubaaqudgha
Makhleb
Nemelex Xobeh
Okawaru
Qazlal
Sif Muna
Uskayaw
Vehumet
Wu Jian
Yredelemnul
Zin
The Shining One


Innate Abilities, Weirdness & Mutations

You are completely covered in rugged brown scales. (AC +3, +7% HP)
Armour fits poorly on your strangely shaped body.
You have a long armoured tail.
You roll when moving toward enemies. (Rampage)
Your long tongue fully drains potion bottles. (2x potion effects)
Your tongue gives you trouble enunciating. (1.5x scroll delay)


Message History

You hit the hornet but do no damage.
The hornet is moderately wounded.
You feel sick. The hornet stings you.
You feel as though you will be slow longer.
You block the hornet's attack.
You hit the hornet but do no damage.
The hornet is moderately wounded.
You feel sick. The hornet stings you!
You feel as though you will be slow longer.
The hornet barely misses you.
You miss the hornet.
The hornet is moderately wounded.
You feel sick.
You are no longer poisoned.
You block the hornet's attack. The hornet barely misses you.
You miss the hornet.
The hornet is moderately wounded.
The hornet stings you.
You are poisoned.
You feel as though you will be slow longer.
The hornet stings you!
You are more poisoned.
You feel as though you will be slow longer.
You hit the hornet. You burn the hornet.
The hornet is heavily wounded.
You feel extremely sick. The hornet stings you!
* * * LOW HITPOINT WARNING * * *
You are more poisoned.
You feel as though you will be slow longer.
Your magical contamination has completely faded away.
You barely miss the hornet.
The hornet is heavily wounded.
* * * LOW HITPOINT WARNING * * *
You feel extremely sick.
The hornet stings you but does no damage.
The hornet closely misses you.
You hit the hornet. You burn the hornet.
The hornet is heavily wounded.
You die...

#..# #..# #..#
#..# # #..# .#
#######..# ..#
.........# ...##
........<##......
......y@..'..>...
.........##......
######....# ##...
......# .
........#
#........#
#.........
####......#


You could see a hornet.

Vanquished Creatures
  The ghost of Newt the Merchant of Misery, a novice DsGl of Kikubaaqudgha (D:5)
  The ghost of sokol815 the Magician, a novice OpFE (D:5)
  The ghost of benadryl the Digger, a novice TrEE (D:5)
  Prince Ribbit (D:5)
  Sigmund (D:5)
  A wyvern (D:4)
  The ghost of snackwell the Magician, an amateur DjEn (D:4)
  A water moccasin (D:5)
  A black bear (D:5)
  2 ice beasts
  4 ogres (D:5)
  A necrophage (D:5)
  3 scorpions
  The ghost of Sabo the Firebug, a weakling OpFE (D:3)
  4 quasits (D:3)
  A water moccasin simulacrum (D:4)
  Crazy Yiuf (D:2)
  3 hounds
  4 jellies
  A gnoll bouda (D:5)
  2 iguanas (D:5)
  A centaur simulacrum (D:4)
  A bullfrog simulacrum (D:4)
  A scorpion simulacrum (D:4)
  8 gnolls
  8 adders
  A hound simulacrum (D:4)
  A shadow imp (D:4)
  A white imp (D:4)
  An ufetubus (D:3)
  3 worms
  2 orcs
  3 bats
  6 endoplasms
  3 giant cockroaches
  13 goblins
  9 hobgoblins
  7 quokkas
  8 ball pythons
  2 frilled lizards (D:1)
  12 kobolds
  4 rats (D:1)
  A foxfire (D:6)
132 creatures vanquished.

Vanquished Creatures (others)
  12 foxfires
  2 withered plants (D:5)
14 creatures vanquished.

Grand Total: 146 creatures vanquished

Notes
Turn   | Place    | Note
-------+----------+-------------------------------------------
     0 | D:1      | Sweetruy1997 the Armataur Fighter began the quest for the
                  | Orb.
     0 | D:1      | Reached XP level 1. HP: 19/19 MP: 1/1
   130 | D:1      | You fall into a shaft and drop 1 floor!
   142 | D:1      | Reached XP level 2. HP: 26/26 MP: 2/2
   175 | D:1      | Reached skill level 4 in Armour
   615 | D:1      | Reached XP level 3. HP: 27/33 MP: 3/3
  1179 | D:2      | Found a runed translucent door.
  1180 | D:2      | Noticed Crazy Yiuf
  1302 | D:2      | Found a faded altar of an unknown god.
  1367 | D:2      | Reached XP level 4. HP: 35/40 MP: 4/4
  1411 | D:2      | Killed Crazy Yiuf
  1412 | D:2      | Reached skill level 1 in Throwing
  1448 | D:3      | Found a hazy altar of Hepliaklqana.
  1449 | D:3      | Found a shimmering blue altar of Sif Muna.
  1454 | D:3      | Found a transporter.
  1459 | D:3      | Noticed Sabo's ghost (weakling OpFE)
  1507 | D:3      | Found a transporter.
  1668 | D:3      | Identified the +0 robe of Kikubaaqudgha's Pride {rN+}
  2026 | D:3      | Found a snail-covered altar of Cheibriados.
  2174 | D:3      | Killed Sabo's ghost
  2175 | D:3      | Reached XP level 5. HP: 46/48 MP: 5/5
  2181 | D:3      | Reached skill level 5 in Armour
  2188 | D:3      | Reached XP level 6. HP: 43/54 MP: 6/6
  2249 | D:4      | Reached skill level 1 in Dodging
  2288 | D:4      | Found a staircase to the Ecumenical Temple.
  2340 | Temple   | Entered the Ecumenical Temple
  2530 | Temple   | Became a worshipper of Qazlal Stormbringer
  2605 | D:4      | Found a runed translucent gate.
  2605 | D:4      | Found a runed translucent gate.
  2606 | D:4      | Found a runed translucent gate.
  2677 | D:4      | Reached skill level 1 in Stealth
  2998 | D:4      | Noticed snackwell's ghost (amateur DjEn)
  2998 | D:4      | Noticed an ice beast
  3163 | D:4      | Reached XP level 7. HP: 55/60 MP: 7/7
  3293 | D:4      | Noticed a wyvern
  3299 | D:4      | Killed a wyvern
  3300 | D:4      | Reached skill level 6 in Armour
  3454 | D:4      | Killed snackwell's ghost
  3455 | D:4      | Reached skill level 5 in Shields
  3492 | D:4      | Reached * piety under Qazlal
  3506 | D:4      | Reached XP level 8. HP: 51/67 MP: 8/8
  3527 | D:4      | Reached skill level 5 in Axes
  3607 | D:5      | Entered Level 5 of the Dungeon
  3647 | D:5      | Noticed Prince Ribbit
  3675 | D:5      | Killed Prince Ribbit
  3676 | D:5      | Reached skill level 7 in Armour
  3969 | D:5      | Noticed Sigmund
  3979 | D:5      | Killed Sigmund
  4029 | D:5      | Learned a level 1 spell: Foxfire
  4048 | D:5      | Found a runed translucent gate.
  4049 | D:5      | Found a runed translucent gate.
  4049 | D:5      | Found a runed translucent gate.
  4050 | D:5      | Noticed sokol815's ghost (novice OpFE)
  4050 | D:5      | Noticed benadryl's ghost (novice TrEE)
  4050 | D:5      | Noticed Newt's ghost (novice DsGl)
  4108 | D:5      | Reached skill level 8 in Armour
  4260 | D:5      | Reached XP level 9. HP: 70/73 MP: 7/9
  4551 | D:5      | Reached ** piety under Qazlal
  4753 | D:5      | Killed sokol815's ghost
  4773 | D:5      | Killed Newt's ghost
  4774 | D:5      | Reached skill level 9 in Armour
  4774 | D:5      | Reached skill level 1 in Spellcasting
  4774 | D:5      | Reached skill level 1 in Conjurations
  4774 | D:5      | Reached skill level 1 in Fire Magic
  4795 | D:5      | Killed benadryl's ghost
  4970 | D:5      | Learned a level 1 spell: Summon Small Mammal
  5020 | D:6      | Succumbed to a hornet's poison

Illustrated notes

Levels and vault maps discovered:
D:1:      dpeg_arrival_solitude, layout_basic, due_unseen_surprise
D:2:      layout_rooms, shapermc_ecumenical_altar_mp_highgroup,
          uniq_crazy_yiuf_cottage
D:3:      wander_river, layout_loops_ring, cheibrodos_worm_habitat,
          chequers_temple_overflow_statue_of_worship,
          gammafunk_ghost_stat_death, kennysheep_generic_room_13
D:4:      layout_basic, minmay_temple_entry_wispy, gammafunk_ghost_icy,
          minmay_bent
D:5:      lemuel_ice_spiral_2, layout_basic, gammafunk_ghost_cemetery,
          minmay_ogre_servants, uniq_sigmund, uniq_prince_ribbit1
D:6:      layout_basic, overflow_temple_1_default
Temple:   nicolae_temple_bog_church

Skill      XL: |  1  2  3  4  5  6  7  8  9 |
---------------+----------------------------+-----
Armour         | 4 5 6 8 9 |  9.2
Fighting       | 3 |  3.0
Axes           | 2 3 4 7 8 |  8.6
Throwing       | 1 2 |  2.0
Shields        | 4 5 |  5.0
Dodging        | 1 2 |  2.0
Stealth        | 1 2 |  2.3
Spellcasting   | 1 |  1.4
Conjurations   | 1 |  1.3
Fire Magic     | 1 |  1.2

Action                   |  1- 3 |  4- 6 |  7- 9 || total
-------------------------+-------+-------+-------++-------
Melee: War axe           |    14 |       |       ||    14
       Hand axe          |    67 |    87 |   214 ||   368
       Tailslap          |     3 |     9 |    40 ||    52
Throw: Boomerang         |    39 |       |       ||    39
 Cast: Foxfire           |       |       |     8 ||     8
  Use: Potion            |       |     3 |     2 ||     5
       Scroll            |       |    11 |     1 ||    12
Armor: Scale mail        |    39 |    74 |    81 ||   194
Dodge: Dodged            |    33 |   127 |    88 ||   248
Block: Buckler           |    21 |    33 |    51 ||   105

Table legend: (Time is in decaauts)
 A = Elapsed time spent in this place.
 B = Non-inter-level travel time spent in this place.
 C = Inter-level travel time spent in this place.
 D = Time resting spent in this place.
 E = Time spent auto-exploring this place.
 F = Levels seen in this place.
 G = Mean time per level.
                   A        B        C        D        E       F      G
               +--------+--------+--------+--------+--------+-----+--------+
         Total |   5078 |   4894 |    184 |    369 |   3390 |   7 |  725.4 |
       Dungeon |   4870 |   4718 |    152 |    369 |   3229 |   6 |  811.7 |
        Temple |    207 |    175 |     32 |      0 |    161 |   1 |  207.0 |
               +--------+--------+--------+--------+--------+-----+--------+

Top non-repeatable levels by time:
     D:5: 1373 daAuts
     D:4: 1100 daAuts
     D:3: 881 daAuts
     D:1: 861 daAuts
     D:2: 614 daAuts
  Temple: 207 daAuts
     D:6: 39 daAuts
